 Dungeon Crawl Stone Soup version 0.30-a0-305-g026cb31310 (webtiles) character file.

Game seed: 16651028933629255492

221 billz999 the Sneak (level 5, -1/35 HPs)
             Began as a Vampire Earth Elementalist on Oct 21, 2022.
             Was a Priest of Jiyva.
             Slain by Crazy Yiuf
             ... wielding a +3 quarterstaff of chaos
              (10 damage)
             ... while petrified by Crazy Yiuf
             ... on level 3 of the Dungeon.
             The game lasted 00:04:18 (1884 turns).

billz999 the Sneak (Vampire Earth Elementalist)     Turns: 1884, Time: 00:04:19

Health: -1/35      AC:  3    Str:  7    XL:     5   Next: 65%
Magic:  9/10       EV:  2    Int: 20    God:    Jiyva [***...]
Gold:   67         SH:  0    Dex: 16    Spells: 3/8 levels left

rFire   . . .      SeeInvis +    h - +0 dagger
rCold   . . .      Faith    .    (no shield)
rNeg    + + +      Spirit   .    a - +0 robe
rPois   ∞          Reflect  .    (no helmet)
rElec   .          Harm     .    f - +0 cloak
rCorr   +          Rampage  .    (no gloves)
Will    .....                    (no boots)
Stlth   +++++.....               (no amulet)
HPRegen 1.57/turn                (no ring)
MPRegen 0.47/turn                (no ring)

@: petrified, healing quickly
A: alive, fangs 3, see invisible, vampiric 2, thin skeletal structure 1, high MP
3
a: Exsanguinate, Renounce Religion, Oozemancy


You were on level 3 of the Dungeon.
You worshipped Jiyva.
Jiyva was most pleased with you.
You visited 1 branch of the dungeon, and saw 3 of its levels.

You collected 67 gold pieces.

Inventory:

Hand Weapons
 d - a +0 spear
 h - a +0 dagger (weapon)
Armour
 a - a +0 robe (worn)
 f - a +0 cloak (worn)
Wands
 e - a wand of flame (18)
Scrolls
 c - 2 scrolls of teleportation {unknown}
Potions
 b - a potion of magic
 g - 2 potions of curing {unknown}
 i - 2 potions of heal wounds {unknown}


   Skills:
 - Level 2.1 Dodging
 + Level 6.9 Stealth
 - Level 2.0 Spellcasting
 + Level 4.3 Transmutations
 * Level 3.0 Earth Magic


You had 3 spell levels left.
You knew the following spells:

 Your Spells              Type           Power      Damage    Failure   Level
a - Sandblast             Erth           28%        2d8       4%          1
b - Petrify               Tmut/Erth      16%        N/A       34%         4

Your spell library contained the following spells:

 Spells                   Type           Power      Damage    Failure   Level
 Passwall                 Tmut/Erth      13%        N/A       5%          2
 Stone Arrow              Conj/Erth      16%        3d8       26%         3


Dungeon Overview and Level Annotations

Branches:
Dungeon (3/15)

Altars:
Ashenzari
Jiyva

Annotations:
D:3 Crazy Yiuf


Innate Abilities, Weirdness & Mutations

Your natural rate of healing is accelerated.
You have razor-sharp teeth.
You have supernaturally acute eyesight. (SInv)
You are afflicted with vampirism and can become a bat while bloodless.
You have a somewhat thin skeletal structure. (Dex +2, Stealth+)
You have a greatly increased reservoir of magic. (+30% MP)


Message History

Aim: Crazy Yiuf, wielding a +3 quarterstaff of chaos and wearing a +0 cloak (84% to hit)
The blast of sand hits Crazy Yiuf but does no damage.
Crazy Yiuf barely misses you.
Unknown command.
Casting: Sandblast (safe; 4% risk of failure)
Confirm with . or Enter, or press ? or * to list all spells.
Aiming: Sandblast (safe; 4% risk of failure)
Press: ? - help, Shift-Dir - straight line, f/p - Crazy Yiuf
Aim: Crazy Yiuf, wielding a +3 quarterstaff of chaos and wearing a +0 cloak (84% to hit)
The blast of sand hits Crazy Yiuf!
Crazy Yiuf is heavily wounded.
Crazy Yiuf barely misses you.
Crazy Yiuf cries, "Island arga high!"
Crazy Yiuf barely misses you.
Casting: Sandblast (safe; 4% risk of failure)
Confirm with . or Enter, or press ? or * to list all spells.
Aiming: Sandblast (safe; 4% risk of failure)
Press: ? - help, Shift-Dir - straight line, f/p - Crazy Yiuf
Aim: Crazy Yiuf, wielding a +3 quarterstaff of chaos and wearing a +0 cloak (heavily wounded, 84% to hit)
The blast of sand hits Crazy Yiuf.
Crazy Yiuf is almost dead.
Crazy Yiuf whimpers, "Rot sizzlefizz Xom!"
Crazy Yiuf hits you with a +3 quarterstaff of chaos!
You are slowing down.
Casting: Sandblast (safe; 4% risk of failure)
Confirm with . or Enter, or press ? or * to list all spells.
Aiming: Sandblast (safe; 4% risk of failure)
Press: ? - help, Shift-Dir - straight line, f/p - Crazy Yiuf
Aim: Crazy Yiuf, wielding a +3 quarterstaff of chaos and wearing a +0 cloak (almost dead, 84% to hit)
The blast of sand hits Crazy Yiuf.
Crazy Yiuf is almost dead.
Crazy Yiuf whimpers, "East!
Snoogle eyeball green."
Crazy Yiuf hits you with a +3 quarterstaff of chaos!
You convulse!!
* * * LOW HITPOINT WARNING * * *
Crazy Yiuf barely misses you.
You have turned to stone.
Crazy Yiuf hits you with a +3 quarterstaff of chaos.
* * * LOW HITPOINT WARNING * * *
You are electrocuted!!
You die...

###..## #..#
#.....#
#....#
######.....#
♣....♣
#..........#
♣...♣♣
#...........
♣♣.♣♣
#..........#
♣.♣♣
#..J.......#
♣♣.♣
#....###.###
♣.♣♣
#....###.#
♣♣@♣
#.....##.# #
#g#
#...#....###
...
#######..##.
#...# #.....
#..)# #...##
##### #...##
#.....
#############
#...#.
#...........#
#...#.


You could see Crazy Yiuf.

Vanquished Creatures
  Sigmund (D:3)
  An adder zombie (D:2)
  4 dart slugs
  6 orcs (D:3)
  2 bats (D:1)
  An endoplasm (D:1)
  4 giant cockroaches
  3 goblins (D:3)
  A hobgoblin (D:1)
  A quokka (D:2)
  6 ball pythons
  A ball python skeleton (D:2)
  A ball python zombie (D:2)
  2 frilled lizards
  A giant cockroach zombie (D:2)
  4 kobolds
  5 rats
44 creatures vanquished.

Vanquished Creatures (others)
  A dart slug (D:3)
  A giant cockroach (D:1)
  A hobgoblin (D:1)
  A kobold (D:1)
  A ball python (D:1)
  3 bats
  A frilled lizard (D:1)
  A rat (D:1)
10 creatures vanquished.

Grand Total: 54 creatures vanquished

Notes
Turn   | Place    | Note
-------+----------+-------------------------------------------
     0 | D:1      | billz999 the Vampire Earth Elementalist began the quest for
                  | the Orb.
     0 | D:1      | Reached XP level 1. HP: 13/13 MP: 3/3
    65 | D:1      | Found a faded altar of an unknown god.
   163 | D:1      | Prayed at the altar of an unknown god.
   163 | D:1      | Became a worshipper of Jiyva Jabb the Shapeless
   163 | D:1      | Reached * piety under Jiyva
   293 | D:1      | Reached XP level 2. HP: 19/19 MP: 3/5
   512 | D:1      | Reached ** piety under Jiyva
   625 | D:1      | Reached skill level 4 in Stealth
   975 | D:2      | Gained mutation: You are afflicted with vampirism and can
                  | become a bat while bloodless. [Vampire growth]
   975 | D:2      | Reached XP level 3. HP: 24/24 MP: 4/6
  1180 | D:3      | Found a broken altar of Ashenzari.
  1241 | D:3      | Reached *** piety under Jiyva
  1275 | D:3      | Gained mutation: You have an increased reservoir of magic.
                  | (+10% MP) [Jiyva's grace]
  1275 | D:3      | Gained mutation: You have a considerably increased
                  | reservoir of magic. (+20% MP) [Jiyva's grace]
  1275 | D:3      | Gained mutation: You have a greatly increased reservoir of
                  | magic. (+30% MP) [Jiyva's grace]
  1275 | D:3      | Gained mutation: You have a somewhat thin skeletal
                  | structure. (Dex +2, Stealth+) [Jiyva's grace]
  1294 | D:3      | Reached skill level 5 in Stealth
  1360 | D:3      | Noticed Sigmund
  1370 | D:3      | Killed Sigmund
  1371 | D:3      | Reached skill level 6 in Stealth
  1371 | D:3      | Reached XP level 4. HP: 24/30 MP: 7/9
  1371 | D:3      | Reached XP level 5. HP: 28/35 MP: 7/10
  1413 | D:3      | Learned a level 4 spell: Petrify
  1634 | D:3      | Found a runed translucent door.
  1635 | D:3      | Noticed Crazy Yiuf
  1884 | D:3      | Slain by Crazy Yiuf

Illustrated notes

Levels and vault maps discovered:
D:1:      nzn_arrival_depleted_hourglass, layout_loops_ring,
          hellmonk_ecumenical_altar_zigzags
D:2:      layout_basic, serial_undead, serial_undead_a, serial_undead_d,
          serial_undead_d, serial_undead_b
D:3:      layout_basic, mainiacjoe_overflow_cross_hatched,
          small_statue_intersection, st_stairs_10, uniq_crazy_yiuf_cottage,
          uniq_sigmund

Skill      XL: |  1  2  3 |
---------------+----------+-----
Transmutations | 2 4 |  4.3
Stealth        | 4 6 |  6.9
Dodging        | |  2.1
Spellcasting   | |  2.0
Earth Magic    | |  3.0

Action                   |  1- 3 |  4- 6 || total
-------------------------+-------+-------++-------
Melee: Spear             |     1 |       ||     1
       Dagger            |       |     1 ||     1
 Cast: Sandblast         |    74 |    13 ||    87
 Stab: Sleeping          |     1 |       ||     1
Armor: Robe              |    10 |       ||    10
Dodge: Dodged            |    21 |     8 ||    29

Table legend: (Time is in decaauts)
 A = Elapsed time spent in this place.
 B = Non-inter-level travel time spent in this place.
 C = Inter-level travel time spent in this place.
 D = Time resting spent in this place.
 E = Time spent auto-exploring this place.
 F = Levels seen in this place.
 G = Mean time per level.
                   A        B        C        D        E       F      G
               +--------+--------+--------+--------+--------+-----+--------+
         Total |   1926 |   1865 |     61 |      0 |   1572 |   3 |  642.0 |
       Dungeon |   1926 |   1865 |     61 |      0 |   1572 |   3 |  642.0 |
               +--------+--------+--------+--------+--------+-----+--------+

Top non-repeatable levels by time:
     D:3: 778 daAuts
     D:1: 730 daAuts
     D:2: 418 daAuts
